Match 45633264
Unlisted

Match 45633264
End
Panzergrenadier Squad
Selects Panzerjäger Kommand Battlegroup
Selects Mine Fields
250 Light Carrier
Panzergrenadier Squad
Construct Light Support Kompanie
MG34 Team
Combat Half-tracks
Selects Tank Busters
Construct Mechanized Kompanie
Panzerpioneer Squad
Panzerjäger Mechanized Group
8 Rad Armored Car
Marder III Tank Destroyer
Selects Defensive Positions
Vehicle Survival Package
Support Armor Elements
StuG III D Assault Gun
Emergency Repair Kits
Panzerjäger Squad
Construct Panzerarmee Kommand
Selects Crew Shock Tactics
Marder III Tank Destroyer
Tungsten Core Ammunition
Armored Reserves
Rapid Advance
Panzer III L Medium Tank
Advanced Optics
Selects Elefant Tank Destroyer
Elefant Tank Destroyer
Advanced Field Repairs
Panzer III Assault Group
Selects Butterfly Bomb Drop
Panzerjäger Squad
Panzergrenadier Squad
Veteran Squad Leaders
Panzerjäger Squad
pain peko
welnez
inc.
zoomy2
banstyle
ShoulderGuy
Marowi
Adult Asthma Is A Choice
0
0

Comments sign in to comment!

No comments posted yet!